 Dungeon Crawl Stone Soup version 0.31-a0-204-g7da18cac08 (webtiles) character file.

Game seed: 12847709222112826480

317 mobinator the Ducker (level 6, -14/47 HPs)
             Began as a Demonspawn Gladiator on June 27, 2023.
             Killed from afar by a steam dragon (20 damage)
             ... with a ball of steam
             ... on level 4 of the Dungeon.
             The game lasted 00:11:59 (2717 turns).

mobinator the Ducker (Demonspawn Gladiator)         Turns: 2717, Time: 00:12:00

Health: -14/47     AC:  7    Str: 19    XL:     6   Next: 20%
Magic:  6/6        EV: 13    Int:  9    God:
Gold:   202        SH:  0    Dex: 15    Spells: 5/5 levels left

rFire   . . .        r - +0 whip of the Modern Xalams {heavy, rElec rPois rC+ Str+3}
rCold   + + .        (no shield)
rNeg    . . .        b - +1 leather armour
rPois   +            c - +0 helmet
rElec   +            v - +0 cloak
rCorr   .            s - +0 pair of gloves
SInv    .            (no boots)
Will    .....        (no amulet)
Stlth   +            n - ring of protection from cold
HPRegen 0.27/turn    (no ring)
MPRegen 0.10/turn

%: no passive effects
@: no status effects
A: spiny 2, weakness stinger 2
a: no special abilities


You were on level 4 of the Dungeon.
You visited 1 branch of the dungeon, and saw 4 of its levels.

You collected 202 gold pieces.

Inventory:

Hand Weapons
 a - a +1 long sword
 r - the +0 whip of the Modern Xalams (weapon) {heavy, rElec rPois rC+ Str+3}
   (You found it on level 2 of the Dungeon)

   Str:       It affects your strength (+3).
   rC:        It protects you from cold.
   rElec:     It insulates you from electricity.
   rPois:     It protects you from poison.
Missiles
 e - a javelin
 g - 2 silver javelins
 w - 8 poisoned darts
Armour
 b - a +1 leather armour (worn)
 c - a +0 helmet (worn)
 s - a +0 pair of gloves (worn)
 v - a +0 cloak (worn)
Jewellery
 n - a ring of protection from cold (left hand)
Scrolls
 f - a scroll of enchant weapon
 h - 3 scrolls of identify {unknown}
 i - a scroll of enchant armour
 k - 2 scrolls of amnesia
 m - a scroll of fog {unknown}
 o - a scroll of immolation {unknown}
 q - a scroll of revelation {unknown}
 t - a scroll of silence {unknown}
Potions
 j - a potion of mutation {unknown}
 l - 2 potions of heal wounds
 p - 3 potions of degeneration {unknown}
 u - a potion of enlightenment {unknown}


   Skills:
 + Level 3.4 Fighting
 - Level 3.2 Long Blades
 * Level 2.5 Maces & Flails
 + Level 3.1 Throwing
 + Level 3.8 Dodging


You had 5 spell levels left.
You didn't know any spells.
Your spell library contained the following spells:

 Spells                   Type           Power      Damage    Failure   Level
 Freeze                   Ice            0%         1d3       43%         1
 Sting                    Tmut/Pois      0%         1d3       43%         1
 Lesser Beckoning         Tloc           0%         N/A       58%         2
 Poisonous Vapours        Pois/Air       0%         N/A       58%         2
 Frozen Ramparts          Ice            0%         1d1       82%         3
 Gell's Gravitas          Tloc           0%         N/A       82%         3
 Hailstorm                Conj/Ice       0%         3d3       82%         3
 Teleport Other           Tloc           0%         N/A       82%         3
 Olgreb's Toxic Radiance  Pois           0%         N/A       99%         4


Dungeon Overview and Level Annotations

Branches:
Dungeon (4/15)
 Temple: D:4-7

Altars:
Trog
Yredelemnul

Annotations:
D:4 1 runed translucent door, Crazy Yiuf


Innate Abilities, Weirdness & Mutations

You are mostly covered in sharp spines.
You have a tail ending in a sharp stinger.


Message History

A gnoll comes into view. It is wielding a +0 halberd.
The steam dragon is struck by your spines.
The steam dragon closely misses you.
The steam dragon claws you but does no damage.
You hear a shout! x3
The steam dragon bites you.
* * * LOW HITPOINT WARNING * * *
The steam dragon closely misses you.
Throw: throwing net
Press: ? - help, Q - select action, (/) - cycle Shift-Dir - straight line, f/p - steam dragon
Aim: a steam dragon (severely wounded, 60% to hit)
You throw a throwing net.
The throwing net closely misses the steam dragon.
The steam dragon barely misses you.
The steam dragon claws you but does no damage.
Unknown command.
Okay, then.
You hit the steam dragon.
The steam dragon is severely wounded.
The steam dragon barely misses you. The steam dragon misses you.
You hit the steam dragon but do no damage.
Your tail-slap misses the steam dragon.
The steam dragon is severely wounded.
The gnoll bouda barks out a call to the hunt!
The gnoll picks up the pace!
The steam dragon is struck by your spines.
The steam dragon completely misses you. The steam dragon claws you.
* * * LOW HITPOINT WARNING * * *
The steam dragon breathes steam at you. The ball of steam hits you!
* * * LOW HITPOINT WARNING * * *
The steam dragon attacks as you move away!
The steam dragon closely misses you.
The steam dragon claws you but does no damage.
The steam dragon attacks as you move away!
The steam dragon misses you. The steam dragon barely misses you.
A gnoll comes into view. It is wielding a +0 heavy halberd.
The steam dragon breathes steam at you. The ball of steam hits you!!
You die...

........# # #....#
........# #.#....##
........# #.......#
........# #.§..g#
........# #.§§..#
........# #..§§.#
........# #####.#
#####################(#
# #.............@§D.gg#
#.#################.#
#.# #.# #.# ### #.# #.#
###.# ....# ###.#


You could see a steam dragon (catching breath) and 2 gnolls.

Vanquished Creatures
  A scorpion (D:4)
  An orc priest (D:3)
  A sleepcap (D:4)
  An orc wizard (D:3)
  Robin (D:3)
  7 adders
  2 ufetubi (D:4)
  A worm (D:4)
  8 orcs
  4 bats
  10 endoplasms
  2 giant cockroaches (D:1)
  17 goblins
  10 hobgoblins
  3 jackals (D:3)
  3 kobolds
  5 ball pythons
  4 frilled lizards (D:2)
  3 rats
84 creatures vanquished.

Notes
Turn   | Place    | Note
-------+----------+-------------------------------------------
     0 | D:1      | mobinator the Demonspawn Gladiator began the quest for the
                  | Orb.
     0 | D:1      | Reached XP level 1. HP: 16/16 MP: 1/1
   323 | D:1      | Gained mutation: You have a small tail. [demonic ancestry]
   323 | D:1      | Reached XP level 2. HP: 22/22 MP: 2/2
   994 | D:2      | Found a bloodstained altar of Trog.
  1028 | D:2      | Gained mutation: You are partially covered in sharp spines.
                  | [demonic ancestry]
  1028 | D:2      | Reached XP level 3. HP: 14/28 MP: 3/3
  1312 | D:2      | Gained mutation: You have a tail ending in a sharp stinger.
                  | [demonic ancestry]
  1312 | D:2      | Reached XP level 4. HP: 16/34 MP: 4/4
  1589 | D:2      | Identified the +0 whip of the Modern Xalams {heavy, rElec
                  | rPois rC+ Str+3}
  1697 | D:3      | Found a basalt altar of Yredelemnul.
  1856 | D:3      | Reached skill level 1 in Maces & Flails
  1990 | D:3      | Reached XP level 5. HP: 29/41 MP: 5/5
  2266 | D:3      | Noticed Robin
  2301 | D:3      | Killed Robin
  2551 | D:4      | Gained mutation: You are mostly covered in sharp spines.
                  | [demonic ancestry]
  2551 | D:4      | Reached XP level 6. HP: 40/47 MP: 6/6
  2610 | D:4      | Found a runed translucent door.
  2611 | D:4      | Noticed Crazy Yiuf
  2693 | D:4      | Noticed a steam dragon
  2717 | D:4      | Killed from afar by a steam dragon

Illustrated notes

Levels and vault maps discovered:
D:1:      eino_arrival_water_star, layout_basic, serial_forest,
          infiniplex_forest_corner_1, infiniplex_forest_straight_1,
          infiniplex_forest_clump_C, infiniplex_forest_straight_2,
          infiniplex_forest_straight_1
D:2:      layout_basic, basic_altar
D:3:      kennysheep_goblin_castle, layout_basic,
          mainiacjoe_overflow_tiny_flanked
D:4:      layout_basic, overflow_temple_1_default, uniq_crazy_yiuf_cottage

Skill      XL: |  1  2  3  4  5 |
---------------+----------------+-----
Throwing       | 2 3 |  3.1
Long Blades    | 3 |  3.2
Dodging        | 3 |  3.8
Maces & Flails | 1 2 |  2.5
Fighting       | 3 |  3.4

Action                     |  1- 3 |  4- 6 || total
---------------------------+-------+-------++-------
  Melee: Long sword        |    77 |     2 ||    79
         Tailslap          |     5 |    13 ||    18
         Whip              |       |    83 ||    83
         Punch             |       |     1 ||     1
  Throw: Throwing net      |       |     6 ||     6
    Use: Scroll            |     1 |     2 ||     3
         Potion            |       |     1 ||     1
   Stab: Sleeping          |       |     2 ||     2
 Armour: Leather armour    |    27 |    45 ||    72
  Dodge: Dodged            |    45 |    70 ||   115

Table legend: (Time is in decaauts)
 A = Elapsed time spent in this place.
 B = Non-inter-level travel time spent in this place.
 C = Inter-level travel time spent in this place.
 D = Time resting spent in this place.
 E = Time spent auto-exploring this place.
 F = Levels seen in this place.
 G = Mean time per level.
                   A        B        C        D        E       F      G
               +--------+--------+--------+--------+--------+-----+--------+
         Total |   2783 |   2701 |     82 |    324 |   1368 |   4 |  695.8 |
       Dungeon |   2783 |   2701 |     82 |    324 |   1368 |   4 |  695.8 |
               +--------+--------+--------+--------+--------+-----+--------+

Top non-repeatable levels by time:
     D:3: 907 daAuts
     D:2: 882 daAuts
     D:1: 772 daAuts
     D:4: 220 daAuts
